PIO (24 & UNDER)
SURREY SINNERS @ CHULA VISTA TACOS
08/01/2026
 
TOP OF THE 1ST
Surrey Sinners batting - Pitching for Chula Vista Tacos : RHP Adrián Sandoval
Pitching: RHP Adrián Sandoval
Batting: RHB Jamie Swyers 0-0: Ball
1-0: Called Strike
1-1: Ground out 6-3 (Groundball, 6M)
Batting: RHB Augusto Trevino 0-0: Called Strike
0-1: Foul Ball, location: 2F
0-2: Strikes out swinging
Batting: RHB Clint Younger 0-0: Ball
1-0: Called Strike
1-1: Ball
2-1: Ball
3-1: DOUBLE (Groundball, 5L)
Batting: LHB Iván Espinosa 0-0: Called Strike
0-1: Called Strike
0-2: Strikes out looking
Top of the 1st over - 0 run(s), 1 hit(s), 0 error(s), 1 left on base; Surrey 0 - Chula Vista 0
BOTTOM OF THE 1ST
Chula Vista Tacos batting - Pitching for Surrey Sinners : RHP Luis Ramírez
Pitching: RHP Luis Ramírez
Batting: RHB Gustavo Torres 0-0: Called Strike
0-1: Foul Ball, location: 2F
0-2: Strikes out swinging
Batting: RHB John Martin 0-0: Swinging Strike
0-1: Ball
1-1: Foul Ball, location: 2F
1-2: Ball
2-2: Strikes out swinging
Batting: RHB Johnny Williams 0-0: Ball
1-0: Foul Ball, location: 2F
1-1: Called Strike
1-2: Ball
2-2: Strikes out swinging
Bottom of the 1st over - 0 run(s), 0 hit(s), 0 error(s), 0 left on base; Surrey 0 - Chula Vista 0
TOP OF THE 2ND
Surrey Sinners batting - Pitching for Chula Vista Tacos : RHP Adrián Sandoval
Batting: RHB Cooper Richard 0-0: Called Strike
0-1: Ball
1-1: Fly out, F9 (Flyball, 9LS)
Batting: RHB Ramón Molina 0-0: DOUBLE (Line Drive, 7LS)
Batting: RHB Daniel Santiago 0-0: Fly out, F4 (Popup, 4MS)
Batting: LHB José Blanco 0-0: Fly out, F8 (Flyball, 8RM)
Top of the 2nd over - 0 run(s), 1 hit(s), 0 error(s), 1 left on base; Surrey 0 - Chula Vista 0
BOTTOM OF THE 2ND
Chula Vista Tacos batting - Pitching for Surrey Sinners : RHP Luis Ramírez
Batting: RHB Joel Carlson 0-0: DOUBLE (Line Drive, 7M)
Batting: SHB Walt Rodgers 0-0: Called Strike
0-1: Foul Ball, location: 2F
0-2: Strikes out swinging
Batting: LHB Gonzalo Benítez 0-0: Swinging Strike
0-1: Called Strike
0-2: Strikes out swinging
Batting: RHB Ron Garrett 0-0: Called Strike
0-1: Ground out 6-3 (Groundball, 6)
Bottom of the 2nd over - 0 run(s), 1 hit(s), 0 error(s), 1 left on base; Surrey 0 - Chula Vista 0
TOP OF THE 3RD
Surrey Sinners batting - Pitching for Chula Vista Tacos : RHP Adrián Sandoval
Batting: RHB Ryan Parrish 0-0: Swinging Strike
0-1: Ball
1-1: Ball
2-1: Foul Ball, location: 2F
2-2: Ball
3-2: Strikes out looking
Batting: RHB Jamie Swyers 0-0: Called Strike
0-1: Swinging Strike
0-2: Ball
1-2: Strikes out swinging
Batting: RHB Augusto Trevino 0-0: Ball
1-0: Called Strike
1-1: Swinging Strike
1-2: Ground out 3-1 (Groundball, 23)
Top of the 3rd over - 0 run(s), 0 hit(s), 0 error(s), 0 left on base; Surrey 0 - Chula Vista 0
BOTTOM OF THE 3RD
Chula Vista Tacos batting - Pitching for Surrey Sinners : RHP Luis Ramírez
Batting: LHB Michael Myers 0-0: Swinging Strike
0-1: Ball
1-1: Called Strike
1-2: Strikes out swinging
Batting: LHB Joe Baker 0-0: Foul Ball, location: 2F
0-1: Ball
1-1: Foul Ball, location: 2F
1-2: Ground out 4-3 (Groundball, 4)
Batting: RHB Gustavo Torres 0-0: Swinging Strike
0-1: Called Strike
0-2: Ball
1-2: Ball
2-2: Foul Ball, location: 2F
2-2: Ball
3-2: Foul Ball, location: 2F
3-2: Base on Balls
Batting: RHB John Martin 0-0: Ball
1-0: Foul Ball, location: 2F
1-1: Ball
2-1: Ball
Gustavo Torres is caught stealing 2nd base
Bottom of the 3rd over - 0 run(s), 0 hit(s), 0 error(s), 0 left on base; Surrey 0 - Chula Vista 0
TOP OF THE 4TH
Surrey Sinners batting - Pitching for Chula Vista Tacos : RHP Adrián Sandoval
Batting: RHB Clint Younger 0-0: Foul Ball, location: 2F
0-1: Called Strike
0-2: Strikes out looking
Batting: LHB Iván Espinosa 0-0: Ground out 3-1 (Groundball, 34)
Batting: RHB Cooper Richard 0-0: Fly out, F8 (Flyball, 8RD)
Top of the 4th over - 0 run(s), 0 hit(s), 0 error(s), 0 left on base; Surrey 0 - Chula Vista 0
BOTTOM OF THE 4TH
Chula Vista Tacos batting - Pitching for Surrey Sinners : RHP Luis Ramírez
Batting: RHB John Martin 0-0: Ball
1-0: Swinging Strike
1-1: Ball
2-1: Swinging Strike
2-2: Strikes out swinging
Batting: RHB Johnny Williams 0-0: Swinging Strike
0-1: Called Strike
0-2: Ball
1-2: Strikes out swinging
Batting: RHB Joel Carlson 0-0: Ball
1-0: Ball
2-0: Called Strike
2-1: Foul Ball, location: 2F
2-2: Fly out, F8 (Flyball, 8LM)
Bottom of the 4th over - 0 run(s), 0 hit(s), 0 error(s), 0 left on base; Surrey 0 - Chula Vista 0
TOP OF THE 5TH
Surrey Sinners batting - Pitching for Chula Vista Tacos : RHP Adrián Sandoval
Batting: RHB Ramón Molina 0-0: Ball
1-0: Ball
2-0: Called Strike
2-1: Foul Ball, location: 2F
2-2: Strikes out swinging
Batting: RHB Daniel Santiago 0-0: Ball
1-0: Swinging Strike
1-1: SOLO HOME RUN (Flyball, 7LD), Distance : 365 ft
Batting: LHB José Blanco 0-0: Called Strike
0-1: Swinging Strike
0-2: Strikes out swinging
Batting: RHB Ryan Parrish 0-0: Ball
1-0: Ground out 4-3 (Groundball, 4)
Top of the 5th over - 1 run(s), 1 hit(s), 0 error(s), 0 left on base; Surrey 1 - Chula Vista 0
BOTTOM OF THE 5TH
Chula Vista Tacos batting - Pitching for Surrey Sinners : RHP Luis Ramírez
Batting: SHB Walt Rodgers 0-0: Ball
1-0: SINGLE (Line Drive, 6M)
Batting: LHB Gonzalo Benítez 0-0: Foul Ball, location: 2F
0-1: Ball
1-1: Foul Ball, location: 2F
1-2: Ball
2-2: Strikes out looking
Batting: RHB Ron Garrett 0-0: Called Strike
0-1: Foul Ball, location: 2F
0-2: Ball
1-2: Strikes out swinging
Batting: LHB Michael Myers 0-0: Ball
1-0: Foul Ball, location: 2F
1-1: Foul Ball, location: 2F
Single, Error in OF, E9, batter to second base
Walt Rodgers to third
Batting: LHB Joe Baker 0-0: Called Strike
0-1: Ball
1-1: Ball
2-1: Swinging Strike
2-2: Ball
3-2: Strikes out swinging
Bottom of the 5th over - 0 run(s), 2 hit(s), 1 error(s), 2 left on base; Surrey 1 - Chula Vista 0
TOP OF THE 6TH
Surrey Sinners batting - Pitching for Chula Vista Tacos : RHP Adrián Sandoval
Batting: RHB Jamie Swyers 0-0: Called Strike
0-1: Called Strike
0-2: Fly out, F9 (Flyball, 9S)
Batting: RHB Augusto Trevino 0-0: Ball
1-0: Called Strike
1-1: Called Strike
1-2: Strikes out looking
Batting: RHB Clint Younger 0-0: Called Strike
0-1: Swinging Strike
0-2: Ball
1-2: Ball
2-2: Foul Ball, location: 2F
2-2: SINGLE (Groundball, 56S)
Batting: LHB Iván Espinosa 0-0: Ball
1-0: Called Strike
1-1: Ball
Clint Younger steals 2nd base
2-1: DOUBLE (Line Drive, 89M)
Clint Younger scores
Batting: RHB Cooper Richard 0-0: Foul Ball, location: 2F
0-1: Fly out, F8 (Flyball, 8LM)
Top of the 6th over - 1 run(s), 2 hit(s), 0 error(s), 1 left on base; Surrey 2 - Chula Vista 0
BOTTOM OF THE 6TH
Chula Vista Tacos batting - Pitching for Surrey Sinners : RHP Luis Ramírez
Batting: RHB Gustavo Torres 0-0: Called Strike
0-1: Swinging Strike
0-2: Ball
1-2: Ball
2-2: Ball
3-2: Ground out 4-3 (Groundball, 4)
Batting: RHB John Martin 0-0: SOLO HOME RUN (Flyball, 7D), Distance : 386 ft
Batting: RHB Johnny Williams 0-0: Called Strike
0-1: Swinging Strike
0-2: Ground out 4-3 (Groundball, 4)
Batting: RHB Joel Carlson 0-0: Ball
1-0: Called Strike
1-1: Called Strike
1-2: Ball
2-2: Strikes out swinging
Bottom of the 6th over - 1 run(s), 1 hit(s), 0 error(s), 0 left on base; Surrey 2 - Chula Vista 1
TOP OF THE 7TH
Surrey Sinners batting - Pitching for Chula Vista Tacos : RHP Adrián Sandoval
Batting: RHB Ramón Molina 0-0: Ball
1-0: Ground out 6-3 (Groundball, 6)
Batting: RHB Daniel Santiago 0-0: Ball
1-0: Foul Ball, location: 2F
1-1: Ball
2-1: SINGLE (Groundball, 4D)
Pinch Hitting: LHB Juan Hinojosa 0-0: Called Strike
0-1: Swinging Strike
0-2: Foul Ball, location: 2F
0-2: Ball
1-2: Strikes out looking
Batting: RHB Ryan Parrish 0-0: Ball
1-0: Ball
2-0: Called Strike
2-1: Foul Ball, location: 2F
2-2: Ball
3-2: Base on Balls
Daniel Santiago to second
Pitching: RHP Alberto Reyes
Batting: RHB Jamie Swyers 0-0: Called Strike
0-1: Ball
1-1: Foul Ball, location: 2F
1-2: Fly out, F3 (Line Drive, 3)
Top of the 7th over - 0 run(s), 1 hit(s), 0 error(s), 2 left on base; Surrey 2 - Chula Vista 1
BOTTOM OF THE 7TH
Chula Vista Tacos batting - Pitching for Surrey Sinners : RHP Luis Ramírez
Pitching: RHP Juan Fonseca
Now at 3B: Félix Castro
Batting: SHB Walt Rodgers 0-0: Ball
1-0: SOLO HOME RUN (Flyball, 9LD), Distance : 379 ft
Pitching: LHP Orlando Morales
Pinch Hitting: RHB Manny Torrez 0-0: Ball
1-0: Ground out 2-3 (Groundball, 2R)
Batting: RHB Ron Garrett 0-0: Foul Ball, location: 2F
0-1: Swinging Strike
0-2: Ground out 5-3 (Groundball, 5S)
Pinch Hitting: RHB Juan Morales 0-0: Ball
1-0: Fly out, F5 (Popup, 5)
Bottom of the 7th over - 1 run(s), 1 hit(s), 0 error(s), 0 left on base; Surrey 2 - Chula Vista 2
TOP OF THE 8TH
Surrey Sinners batting - Pitching for Chula Vista Tacos : RHP Alberto Reyes
Now in CF: Juan Morales
Now in RF: Manny Torrez
Batting: RHB Augusto Trevino 0-0: Ball
1-0: Foul Ball, location: 2F
1-1: Foul Ball, location: 2F
1-2: Ball
2-2: Ball
3-2: Fly out, F8 (Flyball, 8RM)
Pinch Hitting: LHB Buddy Rice 0-0: Ground out 4-3 (Groundball, 4)
Batting: LHB Iván Espinosa 0-0: Ball
1-0: DOUBLE (Line Drive, 78D)
Batting: RHB Cooper Richard 0-0: Ball
1-0: Foul Ball, location: 2F
1-1: Ball
2-1: Foul Ball, location: 2F
2-2: Strikes out swinging
Top of the 8th over - 0 run(s), 1 hit(s), 0 error(s), 1 left on base; Surrey 2 - Chula Vista 2
BOTTOM OF THE 8TH
Chula Vista Tacos batting - Pitching for Surrey Sinners : LHP Orlando Morales
Pitching: RHP Bob Martin
Now at 2B: Jesús Lara
Pinch Hitting: LHB Jaime Icaza 0-0: Called Strike
0-1: Ball
1-1: Foul Ball, location: 2F
1-2: Strikes out swinging
Batting: RHB Gustavo Torres 0-0: Called Strike
0-1: SINGLE (Groundball, 34D)
Batting: RHB John Martin 0-0: Ball
1-0: Swinging Strike
1-1: Called Strike
1-2: Strikes out swinging
Gustavo Torres steals 2nd base
Batter strikes out.
Batting: RHB Johnny Williams 0-0: Ball
1-0: Ground out 4-3 (Groundball, 4)
Bottom of the 8th over - 0 run(s), 1 hit(s), 0 error(s), 1 left on base; Surrey 2 - Chula Vista 2
TOP OF THE 9TH
Surrey Sinners batting - Pitching for Chula Vista Tacos : RHP Alberto Reyes
Pitching: LHP Brock Saunders
Now at SS: Michael Aisher
Batting: RHB Ramón Molina 0-0: SINGLE (Groundball, 13S) (infield hit)
Batting: RHB Daniel Santiago 0-0: Sac Bunt - play at first, batter OUT! 1-4
Ramón Molina to second
Batting: RHB Félix Castro 0-0: Ball
1-0: Foul Ball, location: 2F
1-1: Foul Ball, location: 2F
1-2: Strikes out swinging
Batting: RHB Ryan Parrish 0-0: Called Strike
0-1: Fly out, F9 (Flyball, 9D)
Top of the 9th over - 0 run(s), 1 hit(s), 0 error(s), 1 left on base; Surrey 2 - Chula Vista 2
BOTTOM OF THE 9TH
Chula Vista Tacos batting - Pitching for Surrey Sinners : RHP Bob Martin
Batting: RHB Joel Carlson 0-0: Ball
1-0: Ball
2-0: Ball
3-0: Base on Balls
Batting: SHB Walt Rodgers 0-0: Called Strike
0-1: Ball
1-1: Ball
2-1: Fly out, F8 (Popup, 8LS)
Pinch Hitting: LHB Steven Smith 0-0: Ball
Joel Carlson is caught stealing 2nd base
1-0: Foul Ball, location: 2F
1-1: Fly out, F7 (Flyball, 7M)
Bottom of the 9th over - 0 run(s), 0 hit(s), 0 error(s), 0 left on base; Surrey 2 - Chula Vista 2
TOP OF THE 10TH
Surrey Sinners batting - Pitching for Chula Vista Tacos : LHP Brock Saunders
Now in RF: Guillermo Deleón
Batting: RHB Jamie Swyers 0-0: Ball
1-0: Foul Ball, location: 2F
1-1: Ball
2-1: SINGLE (Line Drive, 34D)
Batting: RHB Augusto Trevino 0-0: Ball
Jamie Swyers is caught stealing 2nd base
1-0: Called Strike
1-1: Foul Ball, location: 2F
1-2: Ball
2-2: SOLO HOME RUN (Flyball, 9D), Distance : 391 ft
Batting: RHB Jesús Lara 0-0: Called Strike
0-1: Foul Ball, location: 2F
0-2: Ball
1-2: Ball
2-2: Fly out, F7 (Flyball, 7M)
Batting: LHB Iván Espinosa 0-0: Ball
1-0: Foul Ball, location: 2F
1-1: Foul Ball, location: 2F
1-2: Strikes out swinging
Top of the 10th over - 1 run(s), 2 hit(s), 0 error(s), 0 left on base; Surrey 3 - Chula Vista 2
BOTTOM OF THE 10TH
Chula Vista Tacos batting - Pitching for Surrey Sinners : RHP Bob Martin
Pitching: LHP Henry Brown
Batting: RHB Ron Garrett 0-0: SINGLE (Popup, 4D)
Batting: RHB Juan Morales 0-0: Sac Bunt - play at second, runner OUT! 1-6
Pinch Hitting: RHB Ray Rogers 0-0: Ball
1-0: Called Strike
1-1: Ground out 5-3 (Groundball, 5)
Juan Morales to second
Batting: RHB Gustavo Torres 0-0: Ball
1-0: Foul Ball, location: 2F
1-1: Ball
2-1: Ball
3-1: Base on Balls
Batting: RHB John Martin 0-0: Ground out 5-3 (Groundball, 56S)
Bottom of the 10th over - 0 run(s), 1 hit(s), 0 error(s), 2 left on base; Surrey 3 - Chula Vista 2
Monday, December 5th, 2016 - OOTP Baseball 17.12 Build 75